 Dungeon Crawl Stone Soup version 0.26-a0-812-g31a745ddcd (webtiles) character file.

Game seed: 15646755375129309173

99 mkm the Digger (level 4, -10/24 HPs)
             Began as a Gargoyle Earth Elementalist on Dec 8, 2020.
             Killed by divine providence
             ... invoked by an orc priest
              (11 damage)
             ... on level 2 of the Dungeon.
             The game lasted 00:05:40 (2411 turns).

mkm the Digger (Gargoyle Earth Elementalist)        Turns: 2411, Time: 00:05:41

Health: -10/24     AC:  6    Str: 12    XL:     4   Next: 72%
Magic:  7/9        EV: 12    Int: 16    God:
Gold:   85         SH:  0    Dex: 10    Spells: 6/10 levels left

rFire    . . .     SeeInvis .   d - +0 dagger
rCold    . . .     Faith    .   (no shield)
rNeg     + . .     Spirit   .   c - +0 robe
rPois    ∞         Reflect  .   (no helmet)
rElec    +         Harm     .   i - scarf {repulsion}
rCorr    .         Rampage  .   (no gloves)
MR       .....                  a - +0 pair of boots
Stlth    ++........             (no amulet)
HPRegen  0.08/turn              (no ring)
MPRegen  0.11/turn              (no ring)

@: repel missiles
A: negative energy resistance 1, electricity resistance, unbreathing,
petrification resistance, rot immunity, AC +3
a: no special abilities


You were on level 2 of the Dungeon.
You visited 1 branch of the dungeon, and saw 3 of its levels.

You collected 85 gold pieces.

Inventory:

Hand Weapons
 d - a +0 dagger (weapon)
Armour
 a - a +0 pair of boots (worn)
 c - a +0 robe (worn)
 i - a scarf of repulsion (worn)
Jewellery
 h - a cursed -4 ring of strength {unknown}
 n - an uncursed ring of wizardry {unknown}
Scrolls
 b - a scroll of teleportation {unknown}
 g - 3 scrolls of identify {unknown}
 j - 2 scrolls of remove curse {unknown}
 m - a scroll of fog {unknown}
Potions
 e - a potion of curing {unknown}
 f - a potion of degeneration {unknown}
 k - a potion of ambrosia {unknown}
 l - a potion of might {unknown}


   Skills:
 - Level 1.5 Dodging
 - Level 2.1 Stealth
 * Level 3.8 Spellcasting
   Level 0.7 Transmutations
 + Level 4.7 Earth Magic


You had 6 spell levels left.
You knew the following spells:

 Your Spells              Type           Power        Failure   Level
a - Sandblast             Erth           ###...       2%          1
b - Stone Arrow           Conj/Erth      ##....       21%         3

Your spell library contained the following spells:

 Spells                   Type           Power        Failure   Level
 Passwall                 Tmut/Erth      ##......     9%          2
 Petrify                  Tmut/Erth      ##......     50%         4
 Lee's Rapid Deconstruct  Erth           ###.......   56%         5


Dungeon Overview and Level Annotations

Branches:
Dungeon (3/15)

Altars:
Trog


Innate Abilities, Weirdness & Mutations

You are resistant to torment.
Your stone body is resilient. (AC +3)
You are immune to poison.
You resist negative energy. (rN+)
You are resistant to electric shocks. (rElec)
You can survive without breathing.
You are immune to petrification.
You are immune to rotting.


Message History

Confirm with . or Enter, or press ? or * to list all spells.
The spell is extremely dangerous to cast (21% risk of failure)!
Continue anyway?
Aiming: Stone Arrow (extremely dangerous; 21% risk of failure)
Press: ? - help, Shift-Dir - straight line, f - orc priest
Aim: an orc priest, wielding a +0 trident The stone arrow hits the orc priest!
The orc priest is almost dead.
The orc priest invokes the aid of Beogh against you.
Beogh smites you!
* * * LOW HITPOINT WARNING * * *
The orc hits you but does no damage. The orc priest closely misses you.
The orc hits you with a +0 quarterstaff.
* * * LOW HITPOINT WARNING * * *
The orc priest looks satisfied for a moment.
The orc hits you with a +0 quarterstaff.
* * * LOW HITPOINT WARNING * * *
The orc priest invokes the aid of Beogh against you.
Beogh smites you!
You die...

####....................###....#.
##..#.#.#.#..####....## #....>.
#............#......## #######
#...#.#.#.#..#.##.###
#.................#
#...#.#.#.#.......########
###..............#.###.....#
.>..>........o.....###.....#
...)).........o.@........<.#
..................)###.....######
###...#######......# #.....#.....
#...# #.....## #######.#### #...#
##....# #.#### #...######
#..#.#### #####.##..
###........###.......# #........#
....###...........##.###.###.#..#
###.# #.##.##.######.............


You could see an orc priest and an orc.

Vanquished Creatures
  An orc priest (D:2)
  2 adders (D:2)
  2 dart slugs
  3 leopard geckos
  2 orcs (D:2)
  2 giant cockroaches
  5 goblins
  5 hobgoblins
  5 jackals (D:1)
  4 kobolds
  A bat (D:1)
  3 frilled lizards (D:1)
  5 rats
40 creatures vanquished.

Notes
Turn   | Place    | Note
-------+----------+-------------------------------------------
     0 | D:1      | mkm the Gargoyle Earth Elementalist began the quest for the
                  | Orb.
     0 | D:1      | Reached XP level 1. HP: 10/10 MP: 3/3
   205 | D:1      | Reached XP level 2. HP: 10/15 MP: 0/5
   581 | D:1      | Reached skill level 4 in Earth Magic
   703 | D:1      | Reached XP level 3. HP: 19/19 MP: 0/7
   708 | D:1      | Learned a level 3 spell: Stone Arrow
  1169 | D:2      | Found a bloodstained altar of Trog.
  1613 | D:2      | Reached XP level 4. HP: 18/24 MP: 9/9
  2408 | D:2      | HP: 1/24 [orc/+0 quarterstaff (2)]
  2411 | D:2      | Killed from afar by an orc priest

Illustrated notes

Levels and vault maps discovered:
D:1:      dpeg_arrival_line_fractal, layout_basic
D:2:      layout_loops_cross, serial_glass, glass_columns_c, glass_columns_c,
          bloody_trog
D:3:      layout_rooms, chequers_ecumenical_altar_grove

Skill      XL: |  1  2  3 |
---------------+----------+-----
Earth Magic    | 4 |  4.7
Spellcasting   | 3 |  3.8
Dodging        | |  1.5
Stealth        | |  2.1
Transmutations | |  0.7

Action                   |  1- 3 |  4- 6 || total
-------------------------+-------+-------++-------
Melee: Unarmed           |     2 |       ||     2
       Dagger            |    75 |    11 ||    86
 Cast: Sandblast         |    31 |       ||    31
       Stone Arrow       |       |     7 ||     7
 Stab: Sleeping          |     1 |       ||     1
Armor: Robe              |    31 |     8 ||    39
Dodge: Dodged            |    69 |    14 ||    83
       Repelled          |     1 |       ||     1

Table legend: (Time is in decaauts)
 A = Elapsed time spent in this place.
 B = Non-inter-level travel time spent in this place.
 C = Inter-level travel time spent in this place.
 D = Time resting spent in this place.
 E = Time spent auto-exploring this place.
 F = Levels seen in this place.
 G = Mean time per level.
                   A        B        C        D        E       F      G
               +--------+--------+--------+--------+--------+-----+--------+
         Total |   2413 |   2356 |     57 |    610 |   1311 |   3 |  804.3 |
       Dungeon |   2413 |   2356 |     57 |    610 |   1311 |   3 |  804.3 |
               +--------+--------+--------+--------+--------+-----+--------+

Top non-repeatable levels by time:
     D:2: 1264 daAuts
     D:1: 1139 daAuts
     D:3: 9 daAuts
